 Dungeon Crawl Stone Soup version 0.23.1 (webtiles) character file.

Game seed: 7060686065701855507

18255 Laiders72 the Impaler (level 12, -6/102 HPs)
             Began as a Merfolk Gladiator on Mar 6, 2019.
             Was a Priest of Qazlal.
             Mangled by a slime creature (10 damage)
             ... on level 12 of the Dungeon on Mar 7, 2019.
             The game lasted 00:39:21 (12211 turns).

Laiders72 the Impaler (Merfolk Gladiator)          Turns: 12211, Time: 00:39:21

Health: -6/102     AC:  6    Str: 18    XL:     12   Next: 56%
Magic:  0/19       EV: 22    Int:  7    God:    Qazlal [***...]
Gold:   587        SH: 10    Dex: 20    Spells: 11/11 levels left

rFire    + . .     SeeInvis .   a - +2 trident
rCold    + . .     Gourm    .   C - +0 buckler
rNeg     . . .     Faith    .   e - +2 robe {rC+ rF+}
rPois    .         Spirit   +   j - +0 helmet
rElec    .         Reflect  .   s - scarf {repulsion}
rCorr    .         Harm     .   (no gloves)
MR       .....                  l - +0 pair of boots
Stlth    +.........             D - amulet of guardian spirit
HPRegen  0.27/turn              K - +3 ring of dexterity
MPRegen  0.16/turn              H - ring of protection from magic

@: lethally poisoned (-6 -> -7), vulnerable, studying Transmutations, repel
missiles
A: change form in water, swift swim, stealthy swim
a: Upheaval, Elemental Force, Renounce Religion


You were on level 12 of the Dungeon.
You worshipped Qazlal.
Qazlal was most pleased with you.
You were not hungry.

You visited 1 branch of the dungeon, and saw 13 of its levels.

You collected 691 gold pieces.
You spent 104 gold pieces at shops.

Inventory:

Hand Weapons
 a - a +2 trident (weapon)
Missiles
 d - 3 throwing nets (quivered)
Armour
 e - a +2 robe of resistance (worn)
 j - a +0 helmet (worn)
 l - a +0 pair of boots (worn)
 s - a scarf of repulsion (worn)
 C - a +0 buckler (worn)
Jewellery
 c - an uncursed ring of protection from cold
 i - an uncursed ring of positive energy
 r - a cursed amulet of inaccuracy {unknown}
 v - an uncursed amulet of rage
 A - an uncursed ring of protection from magic
 D - an amulet of guardian spirit (around neck)
 H - a ring of protection from magic (right hand)
 K - a +3 ring of dexterity (left hand)
Wands
 m - a wand of enslavement (22)
 y - a wand of digging (7)
 B - a wand of scattershot (6)
 I - a wand of iceblast (24)
 N - a wand of polymorph (1)
 O - a wand of random effects (18)
Scrolls
 h - 2 scrolls of identify
 p - a scroll of noise {unknown}
 q - a scroll of teleportation {unknown}
 u - a scroll of fog
 w - 2 scrolls of fear
 x - 3 scrolls of remove curse
 z - 2 scrolls of vulnerability
 F - a scroll of holy word {unknown}
 G - 2 scrolls of amnesia
 L - a scroll of enchant armour {unknown}
Potions
 b - a potion of resistance {unknown}
 g - 4 potions of mutation
 k - 2 potions of agility
 n - 2 potions of haste
 o - 2 potions of lignification
 t - a potion of curing
 E - a potion of magic
 J - a potion of ambrosia
Books
 M - a manual of Transmutations
Comestibles
 f - 23 rations


   Skills:
 + Level 11.9 Fighting
 + Level 16.0 Polearms
 - Level 2.0 Throwing
 - Level 12.0 Dodging
 - Level 0.1 Stealth
 - Level 4.6 Shields
 - Level 10.1 Invocations


You had 11 spell levels left.
You didn't know any spells.
Your spell library contained the following spells:

 Spells                   Type           Power        Failure   Level  Hunger
 Corona                   Hex            #......      43%         1    ##.....
 Magic Dart               Conj           #...         43%         1    ##.....
 Blink                    Tloc           N/A          56%         2    ###....
 Call Imp                 Summ           #.......     56%         2    ###....
 Ensorcelled Hibernation  Hex/Ice        #.....       56%         2    ###....
 Slow                     Hex            #.......     56%         2    ###....
 Confuse                  Hex            #.......     80%         3    ####...
 Conjure Flame            Conj/Fire      #.......     80%         3    ####...
 Dazzling Spray           Conj/Hex       #.....       80%         3    ####...
 Mephitic Cloud           Conj/Pois/Air  #.......     80%         3    ####...
 Tukima's Dance           Hex            #.......     80%         3    ####...


Dungeon Overview and Level Annotations

Branches:
Dungeon (13/15)            Temple (0/1) D:6            Lair (0/6) D:8
    Orc (0/2) D:9
 Vaults: D:13-14

Altars:
Ashenzari
Cheibriados
Dithmenos
Gozag
Kikubaaqudgha
Qazlal
Sif Muna
Zin
The Shining One

Shops:
D:4 (!

Annotations:
D:3 3 runed translucent doors, grocchini's ghost, novice HOMo


Message History

* * * LOW HITPOINT WARNING * * *
Something shocks you.
* * * LOW HITPOINT WARNING * * *
You climb upwards.
Reactivating autopickup.
There is a stone staircase leading down here.
Okay, then.
As you read the scroll of fear, it crumbles to dust.
You assume a fearsome visage.
The slime creature looks frightened!
The worker ant looks frightened!
The slime creature looks frightened! x2
The slime creature resists with some effort.
You feel sick.
The slime creature is engulfed in blazing flames.
You block the slime creature's attack.
You puncture the slime creature!
The slime creature is heavily wounded.
You hit the slime creature.
The slime creature is heavily wounded.
The slime creature hits you!
You die...

.#....#....#..........#....#.....
.#....#....#...............#.....
.#....#....#.....#.........#.....
.#....######....[####............
.#.........#.....####.##.........
.................#.J#.##.#.......
.######...............#####......
.#....#.........J.....##.##.##...
.#....#......a..@#....##.##.##..#
##....#.........°#..........#####
......#....#.....#..........#####
......#....#.J..J#..........##..#
......#....#######..........##..#
......#..........#....#..........
.###########.....#....#..........
...........#.....#....#..........
...........#.....#....######.....


You could see 4 slime creatures and a worker ant (fleeing).

Vanquished Creatures
  A hydra (D:12)
  4 two-headed ogres
  Sonja (D:12)
  An ugly thing (D:12)
  2 manticores (D:12)
  Maurice (D:12)
  An elephant (D:8)
  A gargoyle (D:12)
  A kobold demonologist (D:10)
  A merfolk (D:10)
  10 slime creatures (D:12)
  3 hornets
  A dream sheep (shapeshifter) (D:12)
  A spriggan (D:10)
  A wyvern (D:13)
  9 yaks
  A hungry ghost (D:12)
  A steam dragon (D:12)
  2 orc warriors
  A sky beast (D:5)
  A phantom (D:10)
  A hornet zombie (D:12)
  8 ice beasts
  2 ogres
  2 black bears
  A necrophage (D:10)
  A crocodile (D:8)
  5 centaurs
  3 big kobolds
  A gnoll sergeant (D:10)
  8 bullfrogs
  A water moccasin zombie (D:12)
  A wyvern skeleton (D:8)
  4 scorpions
  8 wights
  22 killer bees
  7 howler monkeys
  7 crimson imps
  A bullfrog zombie (D:6)
  A quasit (D:11)
  3 jellies
  3 centaur zombies
  3 orc priests
  3 centaur skeletons
  5 hounds
  6 orc wizards
  3 iguanas
  A bullfrog skeleton (D:4)
  4 worker ants
  A hound skeleton (D:6)
  2 howler monkey zombies
  A worker ant zombie (D:7)
  Robin (D:2)
  5 gnolls (D:10)
  A howler monkey skeleton (D:5)
  17 adders
  A shadow imp (D:9)
  An adder skeleton (D:7)
  2 worms
  4 leopard geckos
  32 orcs
  5 bats
  6 giant cockroaches
  13 goblins
  14 hobgoblins
  12 jackals
  12 kobolds
  6 quokkas
  A ball python (D:2)
  2 frilled lizards
  A leopard gecko skeleton (D:5)
  7 rats
307 creatures vanquished.

Vanquished Creatures (collateral kills)
  An orc (D:4)
1 creature vanquished.

Vanquished Creatures (others)
  A human (D:9)
  A scorpion (D:10)
  An adder (D:4)
3 creatures vanquished.

Grand Total: 311 creatures vanquished

Notes
Turn   | Place    | Note
-------+----------+-------------------------------------------
     0 | D:1      | Laiders72 the Merfolk Gladiator began the quest for the
                  | Orb.
     0 | D:1      | Reached XP level 1. HP: 16/16 MP: 1/1
   476 | D:1      | Reached XP level 2. HP: 23/23 MP: 2/2
   518 | D:1      | Reached skill level 5 in Polearms
   739 | D:2      | Noticed Robin
   750 | D:2      | Reached XP level 3. HP: 29/29 MP: 3/3
   759 | D:2      | Killed Robin
  1111 | D:2      | Reached XP level 4. HP: 34/35 MP: 4/4
  1303 | D:2      | Reached skill level 6 in Polearms
  1351 | D:3      | Found a runed translucent gate.
  1351 | D:3      | Found a runed translucent gate.
  1650 | D:3      | Reached XP level 5. HP: 42/42 MP: 5/5
  1999 | D:3      | Found a snail-covered altar of Cheibriados.
  2021 | D:3      | Found a shattered altar of Ashenzari.
  2041 | D:3      | Found a deep blue altar of Sif Muna.
  2145 | D:3      | Found a stormy altar of Qazlal.
  2157 | D:3      | Became a worshipper of Qazlal Stormbringer
  2196 | D:3      | Found a runed translucent gate.
  2196 | D:3      | Found an opulent altar of Gozag.
  2198 | D:3      | Noticed an ogre
  2198 | D:3      | Noticed grocchini's ghost (novice HOMo)
  2206 | D:3      | Reached skill level 10 in Polearms
  2206 | D:3      | Reached XP level 6. HP: 56/56 MP: 5/10
  2361 | D:4      | Found Careytz's Antique Weapon Boutique.
  2583 | D:4      | Found Zownymum's Distillery.
  2586 | D:4      | Bought a potion of berserk rage for 65 gold pieces
  2586 | D:4      | Bought a potion of curing for 39 gold pieces
  2606 | D:4      | Reached skill level 11 in Polearms
  2606 | D:4      | Reached XP level 7. HP: 56/62 MP: 11/11
  2814 | D:4      | Found a glowing golden altar of the Shining One.
  2890 | D:5      | Entered Level 5 of the Dungeon
  3144 | D:5      | Reached * piety under Qazlal
  3359 | D:5      | Reached XP level 8. HP: 65/70 MP: 12/12
  3708 | D:6      | Found a staircase to the Ecumenical Temple.
  3793 | D:6      | Reached skill level 12 in Polearms
  4098 | D:6      | Found a glowing silver altar of Zin.
  4117 | D:6      | Reached ** piety under Qazlal
  4504 | D:7      | Reached XP level 9. HP: 71/77 MP: 11/13
  4596 | D:7      | Found a shadowy altar of Dithmenos.
  4837 | D:7      | Reached skill level 10 in Fighting
  4842 | D:7      | Reached skill level 13 in Polearms
  5379 | D:8      | Reached skill level 14 in Polearms
  5419 | D:8      | Noticed an elephant
  5449 | D:8      | Killed an elephant
  5449 | D:8      | Reached XP level 10. HP: 54/85 MP: 8/15
  5501 | D:8      | Found a staircase to the Lair.
  6162 | D:8      | Reached *** piety under Qazlal
  6321 | D:9      | Noticed a two-headed ogre
  6343 | D:9      | Killed a two-headed ogre
  6343 | D:9      | Reached skill level 10 in Dodging
  6904 | D:9      | Found a staircase to the Orcish Mines.
  6940 | D:9      | Found an ancient bone altar of Kikubaaqudgha.
  7272 | D:9      | Got an opalescent robe
  7283 | D:9      | Identified the +2 robe "Nayfre Upnio" {Regen+ Int-4 SInv}
                  | (You found it on level 9 of the Dungeon)
  7314 | D:10     | Entered Level 10 of the Dungeon
  7323 | D:10     | Noticed a kobold demonologist
  7336 | D:10     | Noticed an orange demon
  7337 | D:10     | Killed a kobold demonologist
  7716 | D:10     | Reached XP level 11. HP: 65/90 MP: 13/17
  8992 | D:11     | Paralysed by a hornet for 1 turns
  9065 | D:11     | Reached skill level 1 in Shields
  9334 | D:11     | Noticed a two-headed ogre
  9345 | D:11     | Killed a two-headed ogre
  9345 | D:11     | Reached **** piety under Qazlal
  9634 | D:11     | Noticed a two-headed ogre
  9647 | D:11     | Killed a two-headed ogre
  9647 | D:11     | Reached skill level 10 in Invocations
 10069 | D:12     | Noticed an ogre mage
 10114 | D:12     | Noticed Sonja
 10132 | D:12     | Noticed Maurice
 10133 | D:12     | Killed Sonja
 10142 | D:12     | Noticed a manticore
 10162 | D:12     | Killed Maurice
 10167 | D:12     | Killed a manticore
 10347 | D:12     | Noticed a manticore
 10370 | D:12     | Killed a manticore
 10415 | D:12     | Reached XP level 12. HP: 30/99 MP: 8/19
 10648 | D:12     | Paralysed by a hornet for 2 turns
 10649 | D:12     | HP: 2/99 [hornet (4)]
 11000 | D:12     | Noticed a five-headed hydra
 11008 | D:12     | Killed a five-headed hydra
 11008 | D:12     | Reached skill level 15 in Polearms
 12184 | D:13     | Noticed a two-headed ogre
 12206 | D:13     | Killed a two-headed ogre
 12206 | D:13     | Reached skill level 16 in Polearms
 12207 | D:13     | HP: 4/102 [something (5)]
 12211 | D:12     | Mangled by a slime creature

Skill      XL: |  1  2  3  4  5  6  7  8  9 10 11 12 |
---------------+-------------------------------------+-----
Polearms       | 5 6 10 11 12 14 16 | 16.0
Fighting       | 3 4 8 9 10 11 | 11.9
Dodging        | 8 9 11 12 | 12.0
Invocations    | 6 8 10 | 10.1
Shields        | 4 |  4.6
Throwing       | |  2.0
Stealth        | |  0.1

Action                   |  1- 3 |  4- 6 |  7- 9 | 10-12 || total
-------------------------+-------+-------+-------+-------++-------
Melee: Trident           |    73 |   179 |   470 |   794 ||  1516
       Tailslap          |       |       |     2 |     2 ||     4
Invok: Upheaval          |       |       |     2 |    13 ||    15
Evoke: Wand              |       |     1 |       |       ||     1
  Use: Scroll            |     1 |     7 |     2 |    11 ||    21
       Potion            |       |     1 |     1 |     8 ||    10
  Eat: Chunk             |       |     6 |     9 |    16 ||    31
       Ration            |       |       |       |     2 ||     2
Armor: Ring mail         |    17 |    39 |       |       ||    56
       Leather armour    |       |    10 |    50 |    52 ||   112
       Skin              |       |       |       |     8 ||     8
       Robe              |       |       |       |    13 ||    13
Dodge: Dodged            |    49 |   119 |   273 |   558 ||   999
       Deflected         |       |       |       |     3 ||     3
Block: Other             |       |       |    27 |    71 ||    98
       Buckler           |       |       |       |   142 ||   142
